 Dungeon Crawl Stone Soup version 0.18.1-8-gdd0e5ea (webtiles) character file.

172 Scarto the Skirmisher (level 5, -4/42 HPs)
             Began as a Demonspawn Fighter on June 9, 2016.
             Was an Initiate of Makhleb.
             Slain by an ogre
             ... wielding a +0 giant club
              (21 damage)
             ... on level 4 of the Dungeon.
             The game lasted 00:04:47 (2570 turns).

Scarto the Skirmisher (Demonspawn Fighter)          Turns: 2570, Time: 00:04:48

Health: -4/42      AC:  9    Str: 27    XL:     5   Next: 27%
Magic:  5/5        EV:  7    Int:  9    God:    Makhleb [......]
Gold:   236        SH: 10    Dex: 12    Spells: 0 memorised, 4 levels left

rFire  + . .     SeeInvis .     a - +0 war axe
rCold  . . .     Gourm    .     b - +0 scale mail
rNeg   . . .     Faith    .     c - +0 shield
rPois  .         Spirit   .     (no helmet)
rElec  .         Dismiss  .     (no cloak)
rCorr  .         Reflect  .     (no gloves)
SustAt .         Harm     .     (no boots)
MR     .....                    (no amulet)
Stlth  ..........               i - +3 ring of protection
                                n - +4 ring of strength

@: mighty, not resistant to hostile enchantments, extremely unstealthy
A: fire resistance 1, spiny 1
a: Renounce Religion


You were on level 4 of the Dungeon.
You worshipped Makhleb.
Makhleb was noncommittal.
You were not hungry.

You visited 1 branch of the dungeon, and saw 4 of its levels.

You collected 236 gold pieces.

Inventory:

Hand Weapons
 a - a +0 war axe (weapon)
Armour
 b - a +0 scale mail (worn)
 c - a +0 shield (worn)
Jewellery
 i - a +3 ring of protection (right hand)
 n - a +4 ring of strength (left hand)
Scrolls
 e - a scroll of magic mapping
 f - a scroll of random uselessness {unknown}
 m - a scroll of identify {unknown}
 o - a scroll of blinking {unknown}
Potions
 d - a potion of might
 h - 2 potions of heal wounds
 k - a potion of degeneration {unknown}
Comestibles
 g - 2 slices of pizza
 j - a royal jelly
 l - a meat ration


   Skills:
 + Level 4.0 Fighting
 + Level 2.6 Axes
 + Level 3.6 Armour
 + Level 3.6 Shields
 + Level 0.0 Invocations


You had 4 spell levels left.
You didn't know any spells.

Dungeon Overview and Level Annotations

Branches:
Dungeon (4/15)
 Temple: D:4-7

Altars:
Ashenzari
Makhleb
Nemelex Xobeh


Innate Abilities, Weirdness & Mutations

Your flesh is heat resistant.
You are partially covered in sharp spines.


Message History

Found 14 poisoned needles.
Found a stone staircase leading down.
An ogre comes into view. It is wielding a giant club.
Found a scroll labeled FIUGUEWNET.
Found a stone staircase leading down.
You hit the ogre but do no damage. The ogre hits you with a giant club!!
Ouch! That really hurt!
You block the ogre's attack.
You are too injured to fight recklessly!
You are too injured to fight recklessly!
You are too injured to fight recklessly!
You are too injured to fight recklessly!
You are too injured to fight recklessly!
You are too injured to fight recklessly!
Drink which item? (? for menu, Esc to quit)
You feel very mighty all of a sudden.
You hit the ogre.
The ogre is lightly wounded.
The ogre is struck by your spines. The ogre hits you with a giant club!!
Ouch! That really hurt!
You die...

## #. #.
################# #.
#...?..##...#...# ###.
#......#..#.#...# #...
#......#.##.....###..#.
#...>O.#............##.
#.....@...##...........
#...............#######
#......(#####..........
#........ #...#####..
###...>#.# #...# #.#
#..####.# #...# #.#
#... .# ##..#####.#
.... .....#........#
.........######


You could see an ogre.

Vanquished Creatures
  A hound (D:3)
  5 adders
  2 oozes
  7 worms
  A dart slug (D:2)
  2 giant geckos (D:3)
  An orc (D:3)
  A giant cockroach (D:3)
  8 goblins
  10 hobgoblins
  8 kobolds
  4 quokkas
  A ball python (D:2)
  8 bats
  3 giant newts (D:2)
  3 rats
65 creatures vanquished.

Notes
Turn   | Place    | Note
--------------------------------------------------------------
     0 | D:1      | Scarto the Demonspawn Fighter began the quest for the Orb.
     0 | D:1      | Reached XP level 1. HP: 18/18 MP: 1/1
   105 | D:1      | Found a shattered altar of Ashenzari.
   317 | D:1      | Gained mutation: Your flesh is heat resistant. [demonic ancestry]
   317 | D:1      | Reached XP level 2. HP: 24/24 MP: 2/2
   474 | D:1      | You fall through a shaft!
   516 | D:2      | Reached XP level 3. HP: 25/29 MP: 3/3
   621 | D:2      | Found a sparkling altar of Nemelex Xobeh.
  1101 | D:2      | Found a faded altar to an unknown god.
  1221 | D:2      | Reached XP level 4. HP: 14/36 MP: 4/4
  2154 | D:3      | Found a burning altar of Makhleb.
  2162 | D:3      | Gained mutation: You are partially covered in sharp spines. [demonic ancestry]
  2162 | D:3      | Reached XP level 5. HP: 35/42 MP: 5/5
  2167 | D:3      | Became a worshipper of Makhleb the Destroyer
  2545 | D:4      | Reached skill level 4 in Fighting
  2566 | D:4      | Noticed an ogre
  2570 | D:4      | Slain by an ogre

Skill      XL: |  1  2  3  4  5 |
---------------+----------------+-----
Axes           | 2 |  2.6
Shields        | 3 |  3.6
Armour         | 3 |  3.6
Fighting       | 4 |  4.0

Action                   |  1- 3 |  4- 6 || total
-------------------------+-------+-------++-------
Melee: War axe           |   137 |   107 ||   244
  Use: Scroll            |     2 |     3 ||     5
       Potion            |       |     6 ||     6
  Eat: Bread ration      |       |     2 ||     2
Armor: Scale mail        |    75 |    45 ||   120
Dodge: Dodged            |    39 |    27 ||    66
Block: Shield            |    70 |    59 ||   129
